 Seeded DCSS version 0.31-a0-233-g139696dc86 (webtiles) character file.

Game seed: 13427028259722252286 (custom seed)

133 innerfire43 the Chopper (level 4, -1/37 HPs)
             Began as a Demonspawn Monk on July 7, 2023.
             Killed by divine providence
             ... invoked by an orc priest
              (12 damage)
             ... on level 3 of the Dungeon on July 8, 2023.
             The game lasted 00:09:40 (2177 turns).

innerfire43 the Chopper (Demonspawn Monk)           Turns: 2177, Time: 00:09:41

Health: -1/37      AC:  8    Str: 19    XL:     4   Next: 94%
Magic:  4/4        EV: 13    Int: 12    God:
Gold:   82         SH:  0    Dex: 15    Spells: 3/3 levels left

rFire   . . .        a - +0 hand axe
rCold   . . .        d - orb {light}
rNeg    . . .        b - +0 robe
rPois   .            o - +0 helmet
rElec   .            g - +0 cloak
rCorr   .            f - +0 pair of gloves
SInv    .            s - +0 pair of boots
Will    +....        (no amulet)
Stlth   +            m - +6 ring of strength
HPRegen 0.26/turn    l - ring of willpower
MPRegen 0.09/turn

%: no passive effects
@: glowing
A: thin metallic scales 1, demonic guardian 1
a: no special abilities


You were on level 3 of the Dungeon.
You visited 1 branch of the dungeon, and saw 3 of its levels.

You collected 82 gold pieces.

Inventory:

Hand Weapons
 a - a +0 hand axe (weapon)
Armour
 b - a +0 robe (worn)
 d - an orb of light (worn)
 f - a +0 pair of gloves (worn)
 g - a +0 cloak (worn)
 o - a +0 helmet (worn)
 s - a +0 pair of boots (worn)
Jewellery
 l - a ring of willpower (right hand)
 m - a +6 ring of strength (left hand)
Wands
 p - a wand of flame (12)
Scrolls
 h - 2 scrolls of revelation {unknown}
 i - 2 scrolls of teleportation {unknown}
 j - a scroll of immolation {unknown}
 n - a scroll of identify {unknown}
 r - a scroll of poison {unknown}
 t - a scroll of amnesia {unknown}
Potions
 c - a potion of ambrosia
 e - 2 potions of attraction {unknown}
 k - a potion of resistance {unknown}
 q - 2 potions of cancellation {unknown}


   Skills:
 + Level 3.8 Fighting
 * Level 4.1 Axes
 + Level 3.4 Dodging


You had 3 spell levels left.
You didn't know any spells.
Your spell library was empty.

Dungeon Overview and Level Annotations

Branches:
Dungeon (3/15)

Altars:

Shops:
D:1 (   D:2 :


Innate Abilities, Weirdness & Mutations

You are partially covered in thin metallic scales. (AC +2)
A weak demonic guardian rushes to your aid.


Message History

You kill the orc!
There are monsters nearby!
You barely miss the orc. The orc closely misses you.
There are monsters nearby!
You hit the orc.
The orc is moderately wounded.
The orc hits you with a +0 short sword.
There are monsters nearby!
You hit the orc.
You kill the orc!
The orc priest invokes the aid of Beogh against you.
Pain shoots through your body!
* * * LOW HITPOINT WARNING * * *
A demonic guardian appears!
An orc priest is nearby!
You are too injured to fight recklessly!
An orc priest is nearby!
You are too injured to fight recklessly!
You are too injured to fight recklessly!
Unknown command.
The orc priest closely misses you.
Items here: )) ††.
You hit the orc priest.
The orc priest is lightly wounded.
The orc priest barely misses you.
You barely miss the orc priest.
The orc priest is lightly wounded.
The orc priest hits you but does no damage.
Unknown command.
You barely miss the orc priest.
The orc priest is lightly wounded.
The orc priest hits you but does no damage.
Unknown command.
You hit the orc priest.
The orc priest is heavily wounded.
The orc priest calls down the wrath of Beogh upon you.
You resist with some effort.
The orc priest calls down the wrath of Beogh upon you.
Beogh smites you!
You die...

#.##.## ......
#......
##......#######...
#.................
#.... ..#########.
#... #. #.. #####.
#o# ###..... #@#
##...###. #5#
###..### #. #.#
##...######.
#.#####>..........
#.................
##################


You could see an orc priest (ally target) and a friendly ufetubus (summoned).

Vanquished Creatures
  Natasha (thrice) (D:2)
  2 dart slugs
  2 orcs (D:3)
  3 bats
  6 endoplasms
  3 giant cockroaches (D:1)
  5 goblins
  2 hobgoblins
  3 quokkas
  4 ball pythons
  5 frilled lizards (D:1)
  9 kobolds
  7 rats
54 creatures vanquished.

Notes
Turn   | Place    | Note
-------+----------+-------------------------------------------
     0 | D:1      | innerfire43 the Demonspawn Monk began the quest for the
                  | Orb.
     0 | D:1      | Reached XP level 1. HP: 18/18 MP: 1/1
   182 | D:1      | Reached skill level 3 in Axes
   182 | D:1      | Gained mutation: You are partially covered in thin metallic
                  | scales. (AC +2) [demonic ancestry]
   182 | D:1      | Reached XP level 2. HP: 24/24 MP: 2/2
   422 | D:1      | Found Foghidol's Weapon Shoppe.
   512 | D:1      | Gained mutation: A weak demonic guardian rushes to your
                  | aid. [demonic ancestry]
   512 | D:1      | Reached XP level 3. HP: 29/29 MP: 3/3
  1203 | D:2      | Noticed Natasha
  1214 | D:2      | Killed Natasha
  1285 | D:2      | Reached XP level 4. HP: 28/35 MP: 4/4
  1416 | D:2      | Noticed Natasha
  1422 | D:2      | Killed Natasha
  1459 | D:2      | Noticed Natasha
  1470 | D:2      | Killed Natasha
  1471 | D:2      | Reached skill level 4 in Axes
  1592 | D:2      | Found Demuomoto's Book Emporium.
  2177 | D:3      | Killed from afar by an orc priest

Illustrated notes

Levels and vault maps discovered:
D:1:      nzn_arrival_depleted_hourglass, layout_basic, serial_shops, shop,
          nicolae_houndstooth_variations
D:2:      layout_basic, serial_shops, nicolae_shop_getting_attention,
          uniq_natasha
D:3:      layout_basic

Skill      XL: |  1  2  3  4 |
---------------+-------------+-----
Axes           | 3 4 |  4.1
Dodging        | 3 |  3.4
Fighting       | |  3.8

Action                     |  1- 3 |  4- 6 || total
---------------------------+-------+-------++-------
  Melee: Hand axe          |    91 |    47 ||   138
 Armour: Robe              |    15 |    13 ||    28
  Dodge: Dodged            |    64 |    26 ||    90

Table legend: (Time is in decaauts)
 A = Elapsed time spent in this place.
 B = Non-inter-level travel time spent in this place.
 C = Inter-level travel time spent in this place.
 D = Time resting spent in this place.
 E = Time spent auto-exploring this place.
 F = Levels seen in this place.
 G = Mean time per level.
                   A        B        C        D        E       F      G
               +--------+--------+--------+--------+--------+-----+--------+
         Total |   2193 |   2100 |     93 |      0 |   1672 |   3 |  731.0 |
       Dungeon |   2193 |   2100 |     93 |      0 |   1672 |   3 |  731.0 |
               +--------+--------+--------+--------+--------+-----+--------+

Top non-repeatable levels by time:
     D:2: 1182 daAuts
     D:1: 911 daAuts
     D:3: 98 daAuts
